 Dungeon Crawl Stone Soup version 0.26-a0-30-g56b8cd3df0 (webtiles) character file.

Game seed: 1457853561979239291, levelgen mode: deterministic

931 vurker the Stinger (level 8, -3/69 HPs)
             Began as a Naga Venom Mage on June 1, 2020.
             Splashed by a jelly's acid (10 damage)
             ... on level 7 of the Dungeon.
             The game lasted 00:12:38 (7364 turns).

vurker the Stinger (Naga Venom Mage)                Turns: 7364, Time: 00:12:39

Health: -3/69      AC: -11   Str: 12    XL:     8   Next: 11%
Magic:  2/15       EV: 10    Int: 17    God:
Gold:   234        SH:  0    Dex: 11    Spells: 3/16 levels left

rFire    . . .     SeeInvis +   h - +1 dagger
rCold    . . .     Gourm    .   (no shield)
rNeg     . . .     Faith    .   a - +1 robe
rPois    +         Spirit   .   (no helmet)
rElec    .         Reflect  .   (no cloak)
rCorr    .         Harm     .   (no gloves)
MR       ++...                  (no barding)
Stlth    ++........             j - amulet of regeneration
HPRegen  0.61/turn              q - ring of protection from magic
MPRegen  0.14/turn              (no ring)

@: corroded, very slightly contaminated, very slow
A: large, see invisible, deformed body, poison resistance, slowness 2, slow
metabolism 1, spit poison 1, AC +2
a: Spit Poison


You were on level 7 of the Dungeon.
You were near starving.

You visited 2 branches of the dungeon, and saw 8 of its levels.
You also visited: Ossuary.

You collected 234 gold pieces.

Inventory:

Hand Weapons
 h - a +1 dagger (weapon)
   (You took it off a goblin on level 1 of the Dungeon)
Armour
 a - a +1 robe (worn)
Jewellery
 j - an amulet of regeneration (around neck)
   (You found it on level 4 of the Dungeon)
 p - an uncursed ring of ice
   (You found it on level 3 of the Dungeon)
 q - a ring of protection from magic (left hand)
   (You found it on level 1 of the Dungeon)
Wands
 d - a wand of iceblast (6)
   (You found it on level 4 of the Dungeon)
 t - a wand of flame (17)
   (You found it on level 6 of the Dungeon)
Scrolls
 i - 4 scrolls of remove curse
 k - 2 scrolls of enchant armour
Potions
 b - a potion of invisibility
 f - a potion of heal wounds
 g - 2 potions of ambrosia
 r - 2 potions of curing
Comestibles
 e - 6 rations


   Skills:
 + Level 3.1 Fighting
 - Level 1.5 Dodging
 - Level 3.0 Stealth
 * Level 4.9 Spellcasting
 - Level 3.0 Conjurations
 - Level 1.0 Transmutations
 - Level 2.0 Fire Magic
 - Level 2.0 Air Magic
 * Level 7.4 Poison Magic


You had 3 spell levels left.
You knew the following spells:

 Your Spells              Type           Power        Failure   Level  Hunger
a - Sting                 Tmut/Pois      ###.         2%          1    None
b - Mephitic Cloud        Conj/Pois/Air  ###.....     8%          3    ###....
c - Poisonous Vapours     Pois/Air       ###...       3%          2    #......
q - Olgreb's Toxic Radia  Pois           ####....     7%          4    ####...
w - Ignite Poison         Fire/Tmut/Pois ###.....     11%         3    ###....

Your spell library contained the following spells:

 Spells                   Type           Power        Failure   Level  Hunger


Dungeon Overview and Level Annotations

Branches:
Dungeon (7/15)             Temple (1/1) D:6         Ossuary (visited)

Altars:
Ashenzari
Cheibriados
Dithmenos
Fedhas
Gozag
Hepliaklqana
Kikubaaqudgha
Nemelex Xobeh
Okawaru
Ru
Sif Muna
Trog
Uskayaw
Wu Jian
Xom
Zin
The Shining One

Shops:
D:4 (   D:6 (


Innate Abilities, Weirdness & Mutations

You cannot wear boots.
Your serpentine skin is tough. (AC +2)
You have supernaturally acute eyesight. (SInv)
Armour fits poorly on your strangely shaped body.
Your system is resistant to poisons. (rPois)
You cover ground very slowly.
You have a slow metabolism.
You can spit poison.


Message History

The stinking cloud engulfs the jelly but does no damage.
The stinking cloud engulfs the orc wizard but does no damage.
The stinking cloud engulfs you but does no damage.
You are near starving!
You hear an angry buzzing noise.
The orc wizard is engulfed in noxious fumes.
The orc wizard appears confused.
The orc wizard hits the jelly with a +0 dagger.
The orc wizard is burned by acid!
The orc wizard dies!
The jelly hits you.
You are splashed with acid!
The orc wizard casts a spell.
The orc wizard blinks!
You feel a bit more experienced.
You don't have enough magic to cast that spell.
You hit the jelly but do no damage.
Your hands burn!
The jelly closely misses you.
You hit the jelly.
Your hands burn!
The jelly closely misses you.
You hit the jelly.
Your hands burn!
The jelly barely misses you.
You ignite the poison in your surroundings!
The jelly hits you. The acid corrodes you!
You are splashed with acid.
* * * LOW HITPOINT WARNING * * *
Okay, then.
Okay, then.
Aim: a jelly (heavily wounded)
The splash of poison hits the jelly.
The jelly completely resists.
You feel slightly more hungry. The jelly hits you.
* * * LOW HITPOINT WARNING * * *
The acid corrodes you!
You are splashed with acid!
* * * LOW HITPOINT WARNING * * *
Unknown command.
Unknown command.
Unknown command.
The jelly jiggles.
The jelly completely misses you. The jelly hits you.
* * * LOW HITPOINT WARNING * * *
The acid corrodes you!
You are splashed with acid!
* * * LOW HITPOINT WARNING * * *
You have got your breath back.
Okay, then.
The jelly closely misses you. The jelly hits you.
* * * LOW HITPOINT WARNING * * *
The acid corrodes you!
You are splashed with acid!
* * * LOW HITPOINT WARNING * * *
The jelly hits you.
* * * LOW HITPOINT WARNING * * *
You are splashed with acid!
You die...

### .
$.##################...#
.)))...........J@....#
...##.#.########.###...#
$<.).###.. .... #
.####.# ### #..### . .#
...# . # ##.## . #. . #.
.


You could see a jelly.

Vanquished Creatures
  An ogre (D:5)
  A centaur (D:5)
  2 scorpions
  3 howler monkeys
  A jelly (D:6)
  An iguana (D:4)
  3 orc wizards
  6 worker ants
  4 mummies
  A gnoll (D:1)
  9 adders
  A shadow imp (D:5)
  An ooze (D:4)
  An adder zombie (D:5)
  2 worms
  A dart slug (D:1)
  2 leopard geckos
  12 orcs
  A ball python (D:4)
  4 giant cockroaches (D:1)
  9 hobgoblins
  4 kobolds
  3 quokkas
  6 bats
  2 frilled lizards (D:1)
  A giant cockroach zombie (D:6)
  7 goblins
  A hobgoblin zombie (D:6)
  A kobold zombie (D:6)
  A quokka skeleton (D:5)
  A quokka zombie (D:5)
  7 rats
100 creatures vanquished.

Vanquished Creatures (others)
  An orc wizard (D:7)
1 creature vanquished.

Grand Total: 101 creatures vanquished

Notes
Turn   | Place    | Note
-------+----------+-------------------------------------------
     0 | D:1      | vurker the Naga Venom Mage began the quest for the Orb.
     0 | D:1      | Reached XP level 1. HP: 15/15 MP: 3/3
   342 | D:1      | Reached XP level 2. HP: 24/24 MP: 1/5
   481 | D:1      | Learned a level 2 spell: Poisonous Vapours
   648 | D:1      | Reached XP level 3. HP: 26/30 MP: 2/6
   653 | D:1      | Learned a level 3 spell: Mephitic Cloud
   871 | D:1      | Reached skill level 1 in Fighting
  1430 | D:2      | Found a shadowy altar of Dithmenos.
  1638 | D:2      | You fall into a shaft and drop 1 floor!
  1655 | D:3      | Reached skill level 1 in Air Magic
  1736 | D:3      | Found a shattered altar of Ashenzari.
  1747 | D:2      | Reached XP level 4. HP: 38/38 MP: 2/8
  2353 | D:3      | Reached skill level 1 in Conjurations
  2960 | D:3      | Reached skill level 5 in Poison Magic
  3273 | D:3      | Learned a level 3 spell: Ignite Poison
  3516 | D:4      | Reached XP level 5. HP: 8/44 MP: 0/9
  3851 | D:4      | Found a bloodstained altar of Trog.
  4046 | D:4      | Found Ponaton's Antique Weapon Boutique.
  4160 | D:4      | HP: 2/44 [iguana (11)]
  4512 | D:4      | Reached skill level 1 in Fire Magic
  4710 | D:4      | Reached XP level 6. HP: 50/52 MP: 5/10
  4974 | D:5      | Entered Level 5 of the Dungeon
  5062 | D:5      | Found an ornate altar of the Wu Jian Council.
  5509 | D:5      | Reached XP level 7. HP: 59/60 MP: 8/12
  5518 | D:5      | Learned a level 4 spell: Olgreb's Toxic Radiance
  5547 | D:5      | Reached skill level 6 in Poison Magic
  6036 | D:6      | Found a staircase to the Ecumenical Temple.
  6052 | Temple   | Entered the Ecumenical Temple
  6389 | D:6      | Found a sand-covered staircase.
  6428 | Ossuary  | Entered an ossuary
  6557 | D:6      | Found Tywky's Weapon Boutique.
  6617 | D:6      | Found a shimmering altar of Xom.
  6681 | D:6      | Found a hide-covered altar of Uskayaw.
  6813 | D:6      | Reached skill level 7 in Poison Magic
  7218 | D:6      | Reached XP level 8. HP: 69/69 MP: 10/15
  7364 | D:7      | Splashed by a jelly's acid

Illustrated notes

Levels and vault maps discovered:
D:1:      kilobyte_arrival_exit_the_forest, layout_loops_corners,
          minmay_distorted
D:2:      layout_loops_cross, grunt_dithmenos_smoke_and_mirrors
D:3:      layout_basic, ashenzari_altar_1
D:4:      layout_loops_corners, kennysheep_mini_moat, serial_shops,
          nicolae_shop_crystal, first_ration
D:5:      layout_loops_ring, kennysheep_little_box
D:6:      layout_gridville, xom_butterflies, eat_drink_and_be_merry_uskayaw,
          minmay_temple_entry_gardened_gates, serial_shops, shop_statue,
          nicolae_ossuary_entry_giza
D:7:      layout_loops_ring
Temple:   bh_familiar_temple

Skill      XL: |  1  2  3  4  5  6  7 |
---------------+----------------------+-----
Fighting       | 1 2 3 |  3.1
Air Magic      | 1 2 |  2.0
Conjurations   | 1 2 3 |  3.0
Poison Magic   | 5 7 |  7.4
Spellcasting   | 3 4 |  4.9
Fire Magic     | 1 2 |  2.0
Dodging        | |  1.5
Stealth        | |  3.0
Transmutations | |  1.0

Action                   |  1- 3 |  4- 6 |  7- 9 || total
-------------------------+-------+-------+-------++-------
Melee: Unarmed           |    10 |       |       ||    10
       Dagger            |    13 |    95 |   162 ||   270
 Cast: Sting             |    58 |    99 |    24 ||   181
       Poisonous Vapours |       |     9 |     4 ||    13
       Mephitic Cloud    |       |       |     9 ||     9
       Ignite Poison     |       |       |     6 ||     6
       Olgreb's Toxic Ra |       |       |     1 ||     1
 Abil: Spit Poison       |       |     3 |     1 ||     4
  Use: Scroll            |       |       |    15 ||    15
 Stab: Sleeping          |     2 |     5 |       ||     7
  Eat: Chunk             |     2 |    10 |     2 ||    14
       Ration            |       |       |     1 ||     1
Armor: Robe              |     6 |    25 |    47 ||    78
Dodge: Dodged            |    27 |    70 |    93 ||   190

Table legend:
 A = Non-vault XP
 B = Vault XP
 C = Vault XP percentage of total XP
 D = Non-vault monster count
 E = Vault monster count
 F = Vault count percentage of total count
                 A         B        C        D         E       F
            +---------+---------+-------+---------+---------+-------
      Total |    1251 |      80 |   6.0 |      93 |       8 |   7.9
            +---------+---------+-------+---------+---------+-------
        D:1 |      54 |       3 |   5.3 |      25 |       2 |   7.4
        D:2 |      28 |       0 |   0.0 |       7 |       0 |   0.0
        D:3 |      73 |       0 |   0.0 |      18 |       0 |   0.0
        D:4 |     204 |       0 |   0.0 |      14 |       0 |   0.0
        D:5 |     513 |       0 |   0.0 |      17 |       0 |   0.0
        D:6 |     257 |      38 |  12.9 |       7 |       4 |  36.4
        D:7 |     122 |       0 |   0.0 |       5 |       0 |   0.0
    Ossuary |       0 |      39 | 100.0 |       0 |       2 | 100.0
            +---------+---------+-------+---------+---------+-------
